 Dungeon Crawl Stone Soup version 0.28-a0-1389-gc726bef33b (webtiles) character file.

Game seed: 17618442249552617970

1764 IndexError the Conjurer (level 9, 0/65 HPs)
             Began as a Gnoll Conjurer on Jan 3, 2022.
             Was a Believer of Vehumet.
             Slain by a killer bee (6 damage)
             ... on level 5 of the Dungeon.
             The game lasted 00:08:12 (4894 turns).

IndexError the Conjurer (Gnoll Conjurer)            Turns: 4894, Time: 00:08:13

Health: 0/65       AC:  3    Str:  6    XL:     9   Next: 7%
Magic:  6/18       EV: 14    Int: 20    God:    Vehumet [**....]
Gold:   226        SH:  0    Dex: 13    Spells: 13/20 levels left

rFire   . . .      SeeInvis .   k - +1 whip (venom)
rCold   . . .      Faith    .   (no shield)
rNeg    . . .      Spirit   .   a - +0 robe
rPois   .          Reflect  .   e - +0 helmet
rElec   .          Harm     .   (no cloak)
rCorr   .          Rampage  .   (no gloves)
Will    .....                   (no boots)
Stlth   +++.......              c - amulet of regeneration {+regen, !d}
HPRegen 1.00/turn               (no ring)
MPRegen 0.16/turn               (no ring)

@: lethally poisoned (0 -> -11)
A: fangs 1, strong nose, distributed training
a: Renounce Religion


You were on level 5 of the Dungeon.
You worshipped Vehumet.
Vehumet was pleased with you.
You visited 1 branch of the dungeon, and saw 5 of its levels.

You collected 226 gold pieces.

Inventory:

Hand Weapons
 k - a +1 whip of venom (weapon)
   (You found it on level 2 of the Dungeon)
Armour
 a - a +0 robe (worn)
 e - a +0 helmet (worn)
   (You found it on level 1 of the Dungeon)
Jewellery
 c - an amulet of regeneration (around neck) {+regen, !d}
   (You found it on level 2 of the Dungeon)
 t - a ring of ice {rC+, rF-}
   (You found it on level 5 of the Dungeon)
Scrolls
 f - 5 scrolls of identify {unknown}
 g - a scroll of amnesia {unknown}
 i - a scroll of fog {unknown}
 j - a scroll of blinking {unknown}
 l - 2 scrolls of magic mapping {unknown}
 m - 2 scrolls of teleportation {unknown}
 q - a scroll of immolation {unknown}
 s - a scroll of silence {unknown}
Potions
 b - a potion of curing {unknown}
 d - a potion of brilliance {unknown}
 h - a potion of mutation {unknown}
 n - a potion of might {unknown}
 o - a potion of attraction {unknown}
 p - a potion of heal wounds {unknown}
 r - a potion of lignification {unknown}


   Skills:
 + Level 3.8 Fighting
 + Level 3.8 Short Blades
 + Level 3.8 Long Blades
 + Level 3.8 Axes
 + Level 3.8 Maces & Flails
 + Level 3.8 Polearms
 + Level 3.8 Staves
 + Level 3.8 Slings
 + Level 3.8 Bows
 + Level 3.8 Crossbows
 + Level 3.8 Throwing
 + Level 3.8 Armour
 + Level 6.0 Dodging
 + Level 5.7 Stealth
 + Level 3.8 Shields
 + Level 3.8 Unarmed Combat
 + Level 6.4 Spellcasting
 + Level 7.8 Conjurations
 + Level 3.1 Hexes
 + Level 3.1 Summonings
 + Level 3.1 Necromancy
 + Level 3.1 Translocations
 + Level 3.1 Transmutations
 + Level 3.1 Fire Magic
 + Level 3.1 Ice Magic
 + Level 3.1 Air Magic
 + Level 3.1 Earth Magic
 + Level 3.1 Poison Magic
 + Level 4.2 Invocations
 + Level 3.8 Evocations


You had 13 spell levels left.
You knew the following spells:

 Your Spells              Type           Power      Damage    Failure   Level
a - Magic Dart            Conj           100%       1d8       1%          1
b - Searing Ray           Conj           74%        2d7       1%          2
c - Dazzling Flash        Conj/Hex       56%        N/A       3%          3
d - Foxfire               Conj/Fire      100%       2x1d9     1%          1

Your spell library contained the following spells:

 Spells                   Type           Power      Damage    Failure   Level
 Fulminant Prism          Conj/Hex       14%        3d9       11%         4
 Iskenderun's Mystic Bla  Conj/Tloc      28%        2d7       11%         4
 Irradiate                Conj/Tmut      14%        3d18      28%         5
 Agony                    Necr           19%        N/A       58%         5
 Blade Hands              Tmut           9%         N/A       58%         5
 Silence                  Hex/Air        9%         N/A       58%         5
 Dragon Form              Tmut           9%         N/A       100%        7


Dungeon Overview and Level Annotations

Branches:
Dungeon (5/15)
 Temple: D:4-7

Altars:
Ashenzari
Cheibriados
Dithmenos
Elyvilon
Gozag
Makhleb
Qazlal
Vehumet
Wu Jian
Xom
Yredelemnul
The Shining One

Shops:
D:3 :[!([

Annotations:
D:5 2 runed translucent doors, erthbison's ghost, novice MiFi


Innate Abilities, Weirdness & Mutations

You have very sharp teeth.
Your uncanny sense of smell can sniff out nearby items.
Your experience applies equally to all skills.


Message History

The foxfire hits the killer bee!
The foxfire hits the killer bee.
The killer bee moves out of view.
A killer bee comes into view.
You now have 14/17 mp.
Casting: Foxfire (safe; 1% risk of failure)
Confirm with . or Enter, or press ? or * to list all spells.
You conjure some foxfire!
The foxfire hits the killer bee.
Vehumet accepts your kill.
The foxfire hits the killer bee but does no damage.
Your Dodging skill increases to level 6!
You now have 13/17 mp.
Casting: Foxfire (safe; 1% risk of failure)
Confirm with . or Enter, or press ? or * to list all spells.
You conjure some foxfire!
The foxfire hits the killer bee.
The foxfire hits the killer bee but does no damage.
You now have 12/17 mp.
Casting: Foxfire (safe; 1% risk of failure)
Confirm with . or Enter, or press ? or * to list all spells.
You conjure some foxfire!
The foxfire hits the killer bee. x2
The killer bee closely misses you. The killer bee stings you.
You take 4 damage, and have 56/60 hp.
Casting: Foxfire (safe; 1% risk of failure)
Confirm with . or Enter, or press ? or * to list all spells.
You conjure some foxfire!
The foxfire hits the killer bee!
The foxfire hits the killer bee.
Vehumet accepts your kill. The killer bee stings you.
You have reached level 9!
Your experience leads to an increase in your attributes!
Increase (s)trength, (i)ntelligence, or (d)exterity?
You feel agile. x2
You now have 11/18 mp.
Casting: Foxfire (safe; 1% risk of failure)
Confirm with . or Enter, or press ? or * to list all spells.
You conjure some foxfire!
The foxfire hits the killer bee!
The foxfire hits the killer bee.
The killer bee stings you but does no damage.
The foxfire hits the killer bee.
The killer bee stings you but does no damage. x2
You now have 10/18 mp.
Casting: Foxfire (safe; 1% risk of failure)
Confirm with . or Enter, or press ? or * to list all spells.
You conjure some foxfire!
The foxfire hits the killer bee.
The killer bee stings you!
You are poisoned.
The killer bee poisons you! The killer bee stings you.
The killer bee stings you but does no damage.
The killer bee closely misses you. The killer bee completely misses you.
The killer bee stings you.
You take 14 damage, and have 43/65 hp.
MASSIVE DAMAGE!!
You now have 9/18 mp.
Casting: Foxfire (safe; 1% risk of failure)
Confirm with . or Enter, or press ? or * to list all spells.
You conjure some foxfire!
You feel sick.
The foxfire hits the killer bee!
The killer bee misses you. x3; The killer bee closely misses you.
The killer bee stings you. x2
You take 7 damage, and have 36/65 hp.
You now have 8/18 mp.
Casting: Foxfire (safe; 1% risk of failure)
Confirm with . or Enter, or press ? or * to list all spells.
You conjure some foxfire!
You feel sick.
The foxfire hits the killer bee.
Vehumet accepts your kill.
The killer bee stings you but does no damage.
The killer bee closely misses you. The killer bee stings you. x2
You take 6 damage, and have 30/65 hp.
You now have 7/18 mp.
You feel sick.
The foxfire hits the killer bee.
Vehumet accepts your kill.
You feel your power returning. The killer bee stings you.
You are more poisoned.
The killer bee poisons you!
You take 6 damage, and have 24/65 hp.
Casting: Foxfire (safe; 1% risk of failure)
Confirm with . or Enter, or press ? or * to list all spells.
You conjure some foxfire!
You feel very sick. The killer bee stings you.
The killer bee barely misses you.
You take 3 damage, and have 21/65 hp.
Casting: Foxfire (safe; 1% risk of failure)
Confirm with . or Enter, or press ? or * to list all spells.
You conjure some foxfire!
You feel sick.
The foxfire hits the killer bee but does no damage.
The killer bee stings you.
* * * LOW HITPOINT WARNING * * *
The killer bee stings you.
* * * LOW HITPOINT WARNING * * *
You are more poisoned.
The killer bee poisons you!
You take 8 damage, and have 13/65 hp.
You now have 7/18 mp.
You feel very sick.
The foxfire hits the killer bee!
The foxfire hits the killer bee.
The killer bee closely misses you.
The foxfire hits the killer bee.
The killer bee misses you.
You take 2 damage, and have 11/65 hp.
Casting: Foxfire (safe; 1% risk of failure)
Confirm with . or Enter, or press ? or * to list all spells.
You conjure some foxfire!
You feel very sick. The killer bee stings you.
* * * LOW HITPOINT WARNING * * *
You are lethally poisoned!
The killer bee poisons you! The killer bee stings you.
You die...

........#
........##########
.................>
.#.##.####.#######
.#.##.# ##'###
...##.# #....#
...##.# #....#
...##.#
#....###########
##.##.#
#......v@y..$..#
.)..#.#
#......§.v†....#
###.#.#
#.............>#
#<...#
#..............#
#.#..#
#..............#
#.#..#
##+##............
#.#..#
#.##............
#.#..#
#.##..........##
#.#..#
#.####.#+##..##


You could see a killer bee (ally target).

Vanquished Creatures
  Sigmund (D:5)
  Menkaure (D:5)
  An ice beast (D:5)
  Duvessa (D:5)
  A sky beast (D:5)
  2 ogres
  A necrophage (D:4)
  A phantom (D:5)
  A scorpion (D:4)
  Dowan (D:5)
  2 water moccasin skeletons
  4 killer bees (D:5)
  A howler monkey (D:5)
  A hound (D:5)
  3 orc priests
  A jelly (D:5)
  An iguana (D:5)
  2 bullfrog skeletons (D:5)
  3 orc wizards
  3 gnolls (D:3)
  5 adders
  A white imp (D:5)
  2 dart slugs
  9 orcs
  4 endoplasms
  A giant cockroach (D:1)
  6 goblins
  6 hobgoblins
  4 jackals (D:1)
  3 quokkas
  3 ball pythons (D:1)
  2 bats (D:2)
  2 frilled lizards (D:2)
  4 kobolds
  7 rats
91 creatures vanquished.

Vanquished Creatures (others)
  75 foxfires (D:5)
75 creatures vanquished.

Grand Total: 166 creatures vanquished

Notes
Turn   | Place    | Note
-------+----------+-------------------------------------------
     0 | D:1      | IndexError the Gnoll Conjurer began the quest for the Orb.
     0 | D:1      | Reached XP level 1. HP: 13/13 MP: 6/6
   395 | D:1      | Reached XP level 2. HP: 19/19 MP: 2/7
  1121 | D:2      | Reached XP level 3. HP: 20/25 MP: 1/9
  1124 | D:2      | Learned a level 2 spell: Searing Ray
  1128 | D:2      | Learned a level 3 spell: Dazzling Flash
  1191 | D:2      | Reached skill level 5 in Spellcasting
  1360 | D:2      | Reached skill level 1 in Invocations
  1500 | D:2      | Reached skill level 1 in Fighting
  1500 | D:2      | Reached skill level 1 in Short Blades
  1500 | D:2      | Reached skill level 1 in Long Blades
  1500 | D:2      | Reached skill level 1 in Axes
  1500 | D:2      | Reached skill level 1 in Maces & Flails
  1500 | D:2      | Reached skill level 1 in Polearms
  1500 | D:2      | Reached skill level 1 in Staves
  1500 | D:2      | Reached skill level 1 in Slings
  1500 | D:2      | Reached skill level 1 in Bows
  1500 | D:2      | Reached skill level 1 in Crossbows
  1500 | D:2      | Reached skill level 1 in Throwing
  1500 | D:2      | Reached skill level 1 in Armour
  1500 | D:2      | Reached skill level 1 in Shields
  1500 | D:2      | Reached skill level 1 in Unarmed Combat
  1500 | D:2      | Reached skill level 1 in Evocations
  1868 | D:3      | Reached XP level 4. HP: 29/32 MP: 11/11
  1885 | D:3      | Found Mawadioq's Distillery.
  1897 | D:3      | Found Hithoabi's Armour Boutique.
  1940 | D:3      | Found a glowing golden altar of the Shining One.
  1985 | D:3      | Found a faded altar of an unknown god.
  2079 | D:3      | Found Ymo Ass's Book Shoppe.
  2080 | D:3      | Found a white marble altar of Elyvilon.
  2095 | D:3      | Reached skill level 1 in Hexes
  2095 | D:3      | Reached skill level 1 in Summonings
  2095 | D:3      | Reached skill level 1 in Necromancy
  2095 | D:3      | Reached skill level 1 in Translocations
  2095 | D:3      | Reached skill level 1 in Transmutations
  2095 | D:3      | Reached skill level 1 in Fire Magic
  2095 | D:3      | Reached skill level 1 in Ice Magic
  2095 | D:3      | Reached skill level 1 in Air Magic
  2095 | D:3      | Reached skill level 1 in Earth Magic
  2095 | D:3      | Reached skill level 1 in Poison Magic
  2235 | D:3      | Found Memasube's Antique Armour Boutique.
  2373 | D:3      | Found Suphethromm's Antique Weapon Boutique.
  2562 | D:3      | Found a burning altar of Makhleb.
  2563 | D:3      | Found an ornate altar of the Wu Jian Council.
  2858 | D:3      | Prayed at the altar of an unknown god.
  2858 | D:3      | Became a worshipper of Vehumet
  2858 | D:3      | Reached * piety under Vehumet
  2858 | D:3      | Offered knowledge of Freeze by Vehumet.
  3041 | D:4      | Noticed a scorpion
  3045 | D:4      | Killed a scorpion
  3046 | D:4      | Reached XP level 5. HP: 37/37 MP: 6/12
  3120 | D:4      | Found a basalt altar of Yredelemnul.
  3284 | D:4      | Noticed a necrophage
  3290 | D:4      | Killed a necrophage
  3291 | D:4      | Reached skill level 2 in Invocations
  3291 | D:4      | Reached XP level 6. HP: 44/44 MP: 6/13
  3487 | D:4      | Reached skill level 5 in Dodging
  3542 | D:4      | Reached skill level 2 in Fighting
  3542 | D:4      | Reached skill level 2 in Short Blades
  3542 | D:4      | Reached skill level 2 in Long Blades
  3542 | D:4      | Reached skill level 2 in Axes
  3542 | D:4      | Reached skill level 2 in Maces & Flails
  3542 | D:4      | Reached skill level 2 in Polearms
  3542 | D:4      | Reached skill level 2 in Staves
  3542 | D:4      | Reached skill level 2 in Slings
  3542 | D:4      | Reached skill level 2 in Bows
  3542 | D:4      | Reached skill level 2 in Crossbows
  3542 | D:4      | Reached skill level 2 in Throwing
  3542 | D:4      | Reached skill level 2 in Armour
  3542 | D:4      | Reached skill level 2 in Shields
  3542 | D:4      | Reached skill level 2 in Unarmed Combat
  3542 | D:4      | Reached skill level 2 in Evocations
  3645 | D:4      | Found an opulent altar of Gozag.
  3645 | D:4      | Found a shimmering altar of Xom.
  3645 | D:4      | Found a stormy altar of Qazlal.
  3645 | D:4      | Found a broken altar of Ashenzari.
  3703 | D:4      | Found a shadowy altar of Dithmenos.
  3708 | D:4      | Found a snail-covered altar of Cheibriados.
  3817 | D:4      | Reached XP level 7. HP: 44/50 MP: 3/15
  3959 | D:5      | Entered Level 5 of the Dungeon
  3980 | D:5      | Reached skill level 2 in Hexes
  3980 | D:5      | Reached skill level 2 in Summonings
  3980 | D:5      | Reached skill level 2 in Necromancy
  3980 | D:5      | Reached skill level 2 in Translocations
  3980 | D:5      | Reached skill level 2 in Transmutations
  3980 | D:5      | Reached skill level 2 in Fire Magic
  3980 | D:5      | Reached skill level 2 in Ice Magic
  3980 | D:5      | Reached skill level 2 in Air Magic
  3980 | D:5      | Reached skill level 2 in Earth Magic
  3980 | D:5      | Reached skill level 2 in Poison Magic
  3981 | D:5      | Noticed Sigmund
  4053 | D:5      | Killed Sigmund
  4054 | D:5      | Reached skill level 5 in Stealth
  4054 | D:5      | Reached skill level 3 in Invocations
  4259 | D:5      | Offered knowledge of Foxfire by Vehumet.
  4311 | D:5      | Found a runed translucent door.
  4313 | D:5      | Noticed erthbison's ghost (novice MiFi)
  4343 | D:5      | Noticed Duvessa
  4346 | D:5      | Noticed Dowan
  4353 | D:5      | Killed Duvessa
  4354 | D:5      | Reached skill level 3 in Fighting
  4354 | D:5      | Reached skill level 3 in Short Blades
  4354 | D:5      | Reached skill level 3 in Long Blades
  4354 | D:5      | Reached skill level 3 in Axes
  4354 | D:5      | Reached skill level 3 in Maces & Flails
  4354 | D:5      | Reached skill level 3 in Polearms
  4354 | D:5      | Reached skill level 3 in Staves
  4354 | D:5      | Reached skill level 3 in Slings
  4354 | D:5      | Reached skill level 3 in Bows
  4354 | D:5      | Reached skill level 3 in Crossbows
  4354 | D:5      | Reached skill level 3 in Throwing
  4354 | D:5      | Reached skill level 3 in Armour
  4354 | D:5      | Reached skill level 3 in Shields
  4354 | D:5      | Reached skill level 3 in Unarmed Combat
  4354 | D:5      | Reached skill level 3 in Evocations
  4354 | D:5      | Reached XP level 8. HP: 37/58 MP: 7/16
  4354 | D:5      | Killed Dowan
  4354 | D:5      | Reached ** piety under Vehumet
  4448 | D:5      | Reached skill level 6 in Spellcasting
  4510 | D:5      | Learned a level 1 spell: Foxfire
  4572 | D:5      | Noticed Menkaure
  4581 | D:5      | Killed Menkaure
  4767 | D:5      | Found a runed translucent door.
  4821 | D:5      | Reached skill level 3 in Hexes
  4821 | D:5      | Reached skill level 3 in Summonings
  4821 | D:5      | Reached skill level 3 in Necromancy
  4821 | D:5      | Reached skill level 3 in Translocations
  4821 | D:5      | Reached skill level 3 in Transmutations
  4821 | D:5      | Reached skill level 3 in Fire Magic
  4821 | D:5      | Reached skill level 3 in Ice Magic
  4821 | D:5      | Reached skill level 3 in Air Magic
  4821 | D:5      | Reached skill level 3 in Earth Magic
  4821 | D:5      | Reached skill level 3 in Poison Magic
  4821 | D:5      | Reached skill level 4 in Invocations
  4883 | D:5      | Reached skill level 6 in Dodging
  4886 | D:5      | Reached XP level 9. HP: 56/65 MP: 11/18
  4892 | D:5      | HP: 13/65 [killer bee (4)]
  4894 | D:5      | HP: 6/65 [killer bee (3)]
  4894 | D:5      | Slain by a killer bee

Illustrated notes

Levels and vault maps discovered:
D:1:      dpeg_arrival_circle_labyrinth_c, layout_basic,
          minmay_shallow_snake_nest
D:2:      layout_rooms
D:3:      layout_loops_ring, nicolae_tso_swordbearing_angel, elyvilon_altar_5,
          gammafunk_temple_overflow_pools, hellmonk_ecumenical_altar_zigzags,
          serial_shops, shop, shop_fountains, shop, nicolae_diamond_shop, shop
D:4:      layout_loops_cross, yredelemnul_altar_generic,
          minmay_overflow_temple_hex
D:5:      layout_basic, ebering_ghost_sewer_f, uniq_menkaure, uniq_duvessa,
          uniq_sigmund

Skill      XL: |  1  2  3  4  5  6  7  8 |
---------------+-------------------------+-----
Spellcasting   | 5 6 |  6.4
Invocations    | 1 2 3 4 |  4.2
Fighting       | 1 2 3 |  3.8
Short Blades   | 1 2 3 |  3.8
Long Blades    | 1 2 3 |  3.8
Axes           | 1 2 3 |  3.8
Maces & Flails | 1 2 3 |  3.8
Polearms       | 1 2 3 |  3.8
Staves         | 1 2 3 |  3.8
Slings         | 1 2 3 |  3.8
Bows           | 1 2 3 |  3.8
Crossbows      | 1 2 3 |  3.8
Throwing       | 1 2 3 |  3.8
Armour         | 1 2 3 |  3.8
Shields        | 1 2 3 |  3.8
Unarmed Combat | 1 2 3 |  3.8
Evocations     | 1 2 3 |  3.8
Hexes          | 1 2 3 |  3.1
Summonings     | 1 2 3 |  3.1
Necromancy     | 1 2 3 |  3.1
Translocations | 1 2 3 |  3.1
Transmutations | 1 2 3 |  3.1
Fire Magic     | 1 2 3 |  3.1
Ice Magic      | 1 2 3 |  3.1
Air Magic      | 1 2 3 |  3.1
Earth Magic    | 1 2 3 |  3.1
Poison Magic   | 1 2 3 |  3.1
Dodging        | 5 6 |  6.0
Stealth        | 5 |  5.7
Conjurations   | |  7.8

Action                   |  1- 3 |  4- 6 |  7- 9 || total
-------------------------+-------+-------+-------++-------
Melee: Spear             |     3 |       |       ||     3
       Whip              |     6 |    45 |    15 ||    66
       Bite              |       |     3 |       ||     3
 Cast: Magic Dart        |    58 |    21 |     7 ||    86
       Searing Ray       |       |     7 |    15 ||    22
       Foxfire           |       |       |    43 ||    43
 Stab: Sleeping          |     3 |     4 |       ||     7
Armor: Robe              |     4 |     8 |     8 ||    20
Dodge: Dodged            |     9 |    27 |    25 ||    61

Table legend: (Time is in decaauts)
 A = Elapsed time spent in this place.
 B = Non-inter-level travel time spent in this place.
 C = Inter-level travel time spent in this place.
 D = Time resting spent in this place.
 E = Time spent auto-exploring this place.
 F = Levels seen in this place.
 G = Mean time per level.
                   A        B        C        D        E       F      G
               +--------+--------+--------+--------+--------+-----+--------+
         Total |   4900 |   4572 |    328 |     46 |   3928 |   5 |  980.0 |
       Dungeon |   4900 |   4572 |    328 |     46 |   3928 |   5 |  980.0 |
               +--------+--------+--------+--------+--------+-----+--------+

Top non-repeatable levels by time:
     D:1: 1193 daAuts
     D:3: 1102 daAuts
     D:4: 1053 daAuts
     D:5: 891 daAuts
     D:2: 659 daAuts

Table legend:
 A = Kills in this place as a percentage of kills in entire the game.
 B = Kills by you in this place as a percentage of kills by you in the entire game.
 C = Kills by friends in this place as a percentage of kills by friends in the entire game.
 D = Other kills in this place as a percentage of other kills in the entire game.
 E = Experience gained in this place as a percentage of experience gained in the entire game.
 F = Experience gained in this place divided by the number of levels of this place that you have seen.
                   A       B       C       D       E      F
               +-------+-------+-------+-------+-------+----------------------
         Total | 100.0 | 100.0 |   N/A |   N/A | 100.0 | 504.2
       Dungeon | 100.0 | 100.0 |   N/A |   N/A | 100.0 | 504.2
               +-------+-------+-------+-------+-------+----------------------
